Map: Orbital Shipyard

Players

Ender

  • Race: Zerg Zerg
  • League: Gold

Grumm - Winner!

  • Race: Protoss Protoss
  • League: Gold

VOD

Have the link to the VOD?

Description

Time

  • Played on: Jan. 8, 2016, 6:11 p.m.
  • Length: 10:48
Show
View Real Time Build Order
Export as new Build Order

Ender Zerg 

Build Orders: 3 Hatch before Pool 

Get SALT Encoding   

  12  0:01  Drone  
  13  0:12  Overlord  
  13  0:17  Drone  
  14  0:30  Drone  
  14  0:31  Drone  
  14  0:34  Drone  
  17  0:53  Hatchery  
  17  0:55  Drone  
  17  0:59  Drone  
  18  1:21  Hatchery  
  18  1:22  Drone  
  18  1:27  Extractor  
  18  1:28  Drone  
  18  1:43  Spawning Pool  
  18  1:46  Drone  
  18  1:49  Drone  
  18  1:53  Drone  
  20  2:05  Drone x2  
  22  2:11  Drone  
  23  2:16  Overlord  
  23  2:21  Drone  
  24  2:29  Drone  
  25  2:33  Drone  
  25  2:34  Drone  
  27  2:39  Queen  
  27  2:40  Queen  
  31  2:50  Queen  
  33  2:55  Drone x2  
  33  2:57  Drone  
  36  2:59  Drone  
  36  3:02  Drone  
  36  3:04  Drone  
  39  3:08  Metabolic Boost  
  39  3:13  Overlord  
  39  3:18  Extractor  
  38  3:23  Spore Crawler  
  38  3:25  Spore Crawler  
  36  3:29  Spore Crawler  
  36  3:31  Zergling x4  
  36  3:32  Zergling x4  
  36  3:33  Zergling x2  
  37  3:40  Zergling x4  
  27  3:50  Zergling x4  
  24  3:56  Zergling x2  
  24  3:57  Zergling x2  
  23  4:05  Zergling x2  
  23  4:06  Zergling x2  
  23  4:24  Drone x3  
  26  4:37  Zergling x6  
  29  4:39  Drone  
  29  4:41  Drone  
  28  5:10  Drone x3  
  28  5:11  Drone x5  
  36  5:19  Roach Warren  
  35  5:29  Queen  
  37  5:50  Drone  
  37  5:51  Drone x2  
  37  5:54  Overlord  
  40  6:01  Roach x4  
  48  6:11  Lair  
  48  6:17  Roach x3  
  56  6:18  Roach  
  56  6:22  Overlord  
  56  6:37  Overlord  
  56  6:45  Roach  
  56  6:46  Roach  
  62  6:47  Roach  
  62  6:48  Roach  
  64  6:56  Extractor  
  64  6:58  Extractor  
  62  7:16  Zergling x6  
  62  7:17  Zergling x18  
  62  7:19  Overlord  
  62  7:21  Overlord  
  73  7:31  Overseer  
  73  7:32  Overseer  
  73  7:35  Pneumatized Carapace  
  73  7:39  Drone  
  73  7:40  Drone x2  
  73  8:29  Roach x8  
  73  8:31  Overlord x2  
  73  8:32  Overlord x2  
  74  9:00  Roach  
  74  9:01  Roach x8  
  86  9:06  Glial Reconstitution  
  82  9:17  Zergling x10  
  65  9:54  Hydralisk Den  
  42  10:04  Roach x8  
  52  10:11  Overseer  
Show
View Real Time Build Order
Export as new Build Order

Grumm Protoss - Winner!

Build Orders: Zealot Archon 

Get SALT Encoding   

  12  0:01  Probe (Chrono Boost)  
  13  0:12  Probe (Chrono Boost)  
  14  0:21  Pylon  
  14  0:22  Probe (Chrono Boost)  
  15  0:39  Probe (Chrono Boost)  
  15  0:40  Gateway  
  17  0:50  Assimilator, Probe (Chrono Boost)  
  17  1:00  Probe (Chrono Boost)  
  18  1:09  Gateway  
  18  1:16  Probe (Chrono Boost)  
  19  1:21  Pylon  
  19  1:29  Zealot (Chrono Boost)  
  21  1:34  Cybernetics Core  
  21  1:39  Probe (Chrono Boost)  
  22  1:52  Probe  
  23  2:00  Zealot (Chrono Boost)  
  27  2:02  Zealot (Chrono Boost)  
  27  2:04  Probe  
  28  2:09  Assimilator  
  28  2:15  Warp Gate (Chrono Boost)  
  28  2:22  Pylon  
  28  2:33  Adept (Chrono Boost)  
  30  2:40  Adept (Chrono Boost)  
  32  2:51  Nexus  
  32  3:08  Forge  
  32  3:12  Probe  
  32  3:33  Probe  
  33  3:45  Probe  
  34  4:08  Probe  
  34  4:09  Probe, Protoss Ground Weapons Level 1 (Chrono Boost)  
  30  4:13  Gateway  
  30  4:14  Gateway  
  30  4:16  Pylon  
  28  4:19  Probe  
  28  4:22  Probe, Zealot  
  30  4:30  Twilight Council  
  30  4:31  Pylon  
  30  4:35  Pylon  
  30  4:39  Probe  
  30  4:40  Probe  
  30  4:45  Assimilator  
  32  4:48  Adept  
  32  4:49  Assimilator  
  32  4:51  Sentry  
  36  5:02  Probe  
  36  5:03  Probe  
  38  5:12  Probe  
  38  5:15  Probe  
  38  5:18  Dark Shrine  
  40  5:26  Probe  
  40  5:28  Probe  
  42  5:31  Stalker  
  42  5:32  Stalker x2  
  42  5:34  Stalker  
  50  5:37  Probe  
  50  5:40  Probe  
  52  5:46  Pylon  
  52  5:51  Protoss Ground Armor Level 1 (Chrono Boost)  
  52  5:59  Photon Cannon  
  52  6:03  Pylon, Probe  
  53  6:08  Photon Cannon  
  53  6:12  Sentry  
  53  6:13  Sentry  
  53  6:16  Probe  
  53  6:18  Probe  
  59  6:30  Dark Templar  
  59  6:31  Dark Templar  
  63  6:45  Probe, Dark Templar x2  
  63  6:46  Probe  
  69  6:56  Stargate  
  69  6:58  Pylon  
  69  6:59  Gateway  
  69  7:16  Dark Templar  
  69  7:17  Dark Templar  
  73  7:26  Probe  
  74  7:38  Nexus  
  74  7:46  Dark Templar x2  
  78  7:51  Pylon  
  78  7:55  Archon, Pylon  
  78  7:56  Zealot  
  80  8:03  Void Ray  
  80  8:04  Pylon  
  84  8:10  Dark Templar  
  84  8:23  Photon Cannon  
  84  8:28  Dark Templar  
  84  8:29  Probe, Dark Templar, Photon Cannon  
  84  8:30  Dark Templar  
  84  8:31  Probe  
  92  8:40  Stargate  
  92  8:42  Zealot  
  92  8:43  Zealot  
  92  8:47  Assimilator  
  92  8:48  Probe  
  96  8:49  Probe  
  96  8:53  Assimilator  
  88  9:05  Void Ray (Chrono Boost)  
  92  9:13  Probe x2  
  92  9:14  Probe  
  87  9:55  Dark Templar x2  
  87  9:56  Dark Templar x3  
  91  10:02  Archon  
  89  10:10  Void Ray (Chrono Boost)  
Tags
 
Add a new tag
Caveats
  • Supply blocks, unpowered buildings, or Contaminate may cause inaccurate times.
  • Supply counts are checked every 10 seconds.